 Dungeon Crawl Stone Soup version 0.13-a0-2538-gc238810 (webtiles) character file.

248 Psiweapon the Chopper (level 3, -1/33 HPs)
             Began as a Minotaur Fighter on July 28, 2013.
             Succumbed to a gnoll's poison
             ... on Level 2 of the Dungeon.
             The game lasted 00:06:48 (1771 turns).

Psiweapon the Chopper (Minotaur Fighter)            Turns: 1771, Time: 00:06:48

HP  -1/33        AC 10     Str 26      XL: 3   Next: 69%
MP   1/1         EV  7     Int  5      God:
Gold 192         SH 19     Dex  9      Spells:  0 memorised,  2 levels left

Res.Fire  : . . .   See Invis. : .   a - +0 hand axe {=f}
Res.Cold  : . . .   Warding    : .   r - +0 chain mail
Life Prot.: . . .   Conserve   : .   c - +0 shield
Res.Poison: .       Res.Corr.  : .   (helmet restricted)
Res.Elec. : .       Clarity    : .   (no cloak)
Sust.Abil.: . .     Spirit.Shd : .   j - +0 pair of dwarf gloves
Res.Mut.  : .       Stasis     : .   (no boots)
Res.Rott. : .       Flight     : .   (no amulet)
Saprovore : . . .                    (no ring)
                                     m - +2 ring of evasion

@: mighty, very poisoned, not resistant to hostile enchantments, extremely
unstealthy
A: retaliatory headbutt, horns 2
a: no special abilities


You were on level 2 of the Dungeon.
You were hungry.

You visited 1 branch of the dungeon, and saw 2 of its levels.

You collected 172 gold pieces.

Inventory:

Hand weapons
 a - a +0,+0 hand axe (weapon) {=f}
 b - a +1,+2 short sword of venom
 g - a +0,+0 sling
 p - a +0,+0 dagger (quivered)
Armour
 c - a +0 shield (worn)
 j - a +0 pair of dwarven gloves (worn)
 r - a +0 chain mail (worn)
Comestibles
 d - a bread ration
 h - 2 meat rations
 k - an apple
 n - a pear
Scrolls
 e - a scroll of blinking {unknown}
 f - a scroll of enchant weapon II {unknown}
 i - 3 scrolls of teleportation {unknown}
 l - 2 scrolls of identify {unknown}
 s - a scroll of amnesia {unknown}
 t - a scroll of remove curse {unknown}
 v - a scroll of curse armour {unknown}
 x - a scroll of noise {unknown}
Jewellery
 m - a +2 ring of evasion (left hand)
Potions
 o - a potion of curing {unknown}
 q - a potion of might


   Skills:
 - Level 3.6 Fighting
 + Level 5.0 Axes
 - Level 3.6 Armour
 - Level 3.6 Shields


You had 2 spell levels left.
You didn't know any spells.

Dungeon Overview and Level Annotations

Branches:
Dungeon (2/27)

Altars:
Ashenzari
Nemelex Xobeh
Trog


Innate Abilities, Weirdness & Mutations

You reflexively headbutt those who attack you in melee.
You have a pair of horns on your head.


Message History

You hit the gnoll.
The gnoll is heavily wounded.
You block the gnoll's attack. The gnoll hits you but does no damage.
You are more poisoned.
You barely miss the gnoll.
The gnoll is heavily wounded.
You feel sick. You block the gnoll's attack.
The gnoll hits you from afar with a spear of venom.
* * * LOW HITPOINT WARNING * * *
You hit the gnoll but do no damage.
The gnoll is heavily wounded.
* * * LOW HITPOINT WARNING * * *
You feel sick. The gnoll barely misses you.
The gnoll hits you from afar with a spear of venom.
* * * LOW HITPOINT WARNING * * *
You are more poisoned.
Drink which item? (? for menu, Esc to quit)
You feel very mighty all of a sudden.
It was a potion of might.
You die...

### .. .#
############.###
#..ggg@........###
......######...#....
##. #<....#
##...#####.# ###
##........# ♣ ##_##
#.######## # #...#
#.# # ####'######'##
### ##.#...#.##...##
#..


You could see 3 gnolls.

Vanquished Creatures
  An adder (D:2)
  A worm (D:2)
  8 bats
  5 goblins
  6 hobgoblins
  6 jackals (D:2)
  A giant cockroach (D:1)
  4 kobolds
  6 rats
38 creatures vanquished.

Notes
Turn   | Place    | Note
--------------------------------------------------------------
     0 | D:1      | Psiweapon, the Minotaur Fighter, began the quest for the Orb.
     0 | D:1      | Reached XP level 1. HP: 19/19 MP: 0/0
   363 | D:1      | Reached XP level 2. HP: 23/26 MP: 0/0
   713 | D:2      | Reached skill level 4 in Axes
   963 | D:2      | Reached XP level 3. HP: 29/33 MP: 1/1
  1699 | D:2      | Reached skill level 5 in Axes
  1728 | D:2      | Found a bloodstained altar of Trog.
  1731 | D:2      | Found a sparkling altar of Nemelex Xobeh.
  1734 | D:2      | Found a shattered altar of Ashenzari.
  1770 | D:2      | HP: 1/33 [gnoll/spear of venom (6)]
  1771 | D:2      | Succumbed to a gnoll's poison

Action                   || total
-------------------------++-------
Melee: Hand axe          ||   110
  Use: Potion            ||     1
